 Dungeon Crawl Stone Soup version 0.26-a0-971-g1d9d62bb61 (webtiles) character file.

Game seed: 17985860766247296350

263 marklar909 the Cudgeller (level 5, 0/53 HPs)
             Began as a Troll Abyssal Knight on Dec 5, 2020.
             Was a Believer of Lugonu.
             Succumbed to a worker ant's poison
             ... on level 4 of the Dungeon.
             The game lasted 00:04:22 (2855 turns).

marklar909 the Cudgeller (Troll Abyssal Knight)     Turns: 2855, Time: 00:04:23

Health: 0/53       AC:  6    Str: 20    XL:     5   Next: 97%
Magic:  5/5        EV: 10    Int:  8    God:    Lugonu [**....]
Gold:   250        SH:  0    Dex: 10    Spells: 4/4 levels left

rFire    + . .     SeeInvis .   a - +1 mace
rCold    . . .     Faith    .   (no shield)
rNeg     . . .     Spirit   .   b - +0 robe
rPois    .         Reflect  .   (helmet restricted)
rElec    .         Harm     .   (no cloak)
rCorr    +         Rampage  .   (gloves unavailable)
MR       .....                  (boots unavailable)
Stlth    +.........             (no amulet)
HPRegen  0.57/turn              (no ring)
MPRegen  0.09/turn              j - ring of resist corrosion

@: mighty, lethally poisoned (0 -> -1)
A: large, unfitting armour, claws 3, hooves 1, fire resistance 1, regeneration
1, shaggy fur 1, tough skin 3
a: Depart the Abyss, Bend Space, Renounce Religion


You were on level 4 of the Dungeon.
You worshipped Lugonu.
Lugonu was pleased with you.
You visited 1 branch of the dungeon, and saw 5 of its levels.
You visited the Abyss 1 time.

You collected 250 gold pieces.

Inventory:

Hand Weapons
 a - a +1 mace (weapon)
 p - a +0 flail
Armour
 b - a +0 robe (worn)
Jewellery
 j - a ring of resist corrosion (right claw)
 o - an uncursed ring of ice
Wands
 l - a wand of polymorph (4)
 m - a wand of flame (18)
Scrolls
 g - 3 scrolls of identify
 h - a scroll of remove curse
 i - 2 scrolls of teleportation
 q - a scroll of enchant weapon {unknown}
 r - a scroll of enchant armour {unknown}
 s - a scroll of amnesia {unknown}
Potions
 d - a potion of curing {unknown}
 e - a potion of mutation
 f - a potion of heal wounds {unknown}
 k - a potion of attraction {unknown}
 n - a potion of lignification {unknown}


   Skills:
 + Level 3.2 Fighting
 + Level 4.1 Maces & Flails
 + Level 3.1 Dodging
 * Level 2.1 Invocations


You had 4 spell levels left.
You didn't know any spells.
Your spell library was empty.

Dungeon Overview and Level Annotations

Branches:
Dungeon (5/15)
 Temple: D:4-7

Altars:
Cheibriados
Ru
Xom
Yredelemnul


Innate Abilities, Weirdness & Mutations

You are too large for most types of armour.
You have claws for hands.
Your natural rate of healing is unusually fast.
You are covered in fur. (AC +1)
You have extremely tough skin. (AC +3)
You have large cloven feet.
Your flesh is heat resistant. (rF+)


Message History

Unknown command.
Okay, then.
You hit the worker ant.
You kick the worker ant, but do no damage.
The worker ant is heavily wounded.
The worker ant bites you.
* * * LOW HITPOINT WARNING * * *
The orc barely misses you. The worker ant closely misses you.
Unknown command.
You hit the worker ant. You kick the worker ant.
The worker ant is severely wounded.
The orc hits you.
* * * LOW HITPOINT WARNING * * *
The worker ant bites you.
* * * LOW HITPOINT WARNING * * *
You are lethally poisoned!
The worker ant poisons you!
It was a potion of might.
You feel very mighty all of a sudden.
You die...

......##.#
......##.#######
......##.......#
......##.......##
......##........##
.................#
......#..........#
......#.###+###.o#
........# #.# #.@#
######..###.###B##
#..###_..'.#
#..###.###.# #..#
#.# #.#
#..###'###.#
#..........#
#.....######
#######


You could see a worker ant and an orc.

Vanquished Creatures
  A centaur (D:5)
  An orc priest (D:4)
  A worker ant (D:4)
  2 adders
  A shadow imp (D:3)
  2 worms (D:2)
  5 dart slugs
  A leopard gecko (D:4)
  4 orcs
  7 bats
  3 giant cockroaches
  5 goblins
  6 hobgoblins
  14 jackals
  3 quokkas
  A ball python (D:1)
  4 frilled lizards
  A jackal skeleton (D:3)
  10 kobolds
  8 rats
80 creatures vanquished.

Notes
Turn   | Place    | Note
-------+----------+-------------------------------------------
     0 | Abyss:1  | marklar909 the Troll Abyssal Knight began the quest for the
                  | Orb.
     0 | Abyss:1  | Reached XP level 1. HP: 22/22 MP: 1/1
    98 | Abyss:1  | Noticed a hellwing
    99 | D:1      | Escaped the Abyss
   158 | D:1      | Reached * piety under Lugonu
   184 | D:1      | Reached skill level 2 in Maces & Flails
   271 | D:1      | Reached XP level 2. HP: 29/29 MP: 2/2
   797 | D:1      | Reached XP level 3. HP: 35/36 MP: 3/3
  1266 | D:2      | Gained mutation: Armour fits poorly on your strangely
                  | shaped body. [potion of mutation]
  1266 | D:2      | Gained mutation: You are partially covered in yellow
                  | scales. (AC +2) [potion of mutation]
  1266 | D:2      | Gained mutation: You passively map a small area around you.
                  | [potion of mutation]
  1266 | D:2      | Gained mutation: Your muscles are strong. (Str +2) [potion
                  | of mutation]
  1267 | D:2      | Lost mutation: Armour fits poorly on your strangely shaped
                  | body. [potion of mutation]
  1267 | D:2      | Lost mutation: Your muscles are strong. (Str +2) [potion of
                  | mutation]
  1267 | D:2      | Lost mutation: You are partially covered in yellow scales.
                  | (AC +2) [potion of mutation]
  1267 | D:2      | Lost mutation: You passively map a small area around you.
                  | [potion of mutation]
  1267 | D:2      | Gained mutation: You have large cloven feet. [potion of
                  | mutation]
  1267 | D:2      | Gained mutation: Your flesh is heat resistant. (rF+)
                  | [potion of mutation]
  1419 | D:2      | Reached ** piety under Lugonu
  1630 | D:3      | Reached XP level 4. HP: 45/45 MP: 4/4
  2052 | D:3      | Found a sacrificial altar of Ru.
  2191 | D:3      | Found a shimmering altar of Xom.
  2419 | D:4      | Reached skill level 3 in Maces & Flails
  2423 | D:4      | Found a snail-covered altar of Cheibriados.
  2487 | D:4      | Reached XP level 5. HP: 32/53 MP: 5/5
  2582 | D:4      | Found a basalt altar of Yredelemnul.
  2717 | D:4      | Noticed a phantom
  2754 | D:5      | Entered Level 5 of the Dungeon
  2836 | D:5      | Noticed a centaur
  2843 | D:5      | Killed a centaur
  2844 | D:5      | Reached skill level 4 in Maces & Flails
  2854 | D:4      | HP: 1/53 [worker ant (5)]
  2855 | D:4      | Succumbed to a worker ant's poison

Illustrated notes

Levels and vault maps discovered:
D:1:      zelgadis_glass_arrival_small, layout_basic
D:2:      layout_loops_cross, minmay_misc_feat_columns
D:3:      layout_basic, lemuel_crystal_altar, overflow_temple_1_default,
          serial_glass, glass_columns_a, glass_columns_b, glass_columns_a,
          glass_columns_b, glass_columns_a, glass_columns_b, feat_on_display,
          dk_noncrumbling_3, kennysheep_big_empty_room
D:4:      layout_rooms, lemuel_doored_altar, vehumet_statue,
          overflow_temple_1_default, kennysheep_slug_shrine, minmay_box_of_dots
D:5:      layout_rooms, enter_ossuary_5, kennysheep_generic_room_7,
          uniq_eustachio

Skill      XL: |  1  2  3  4  5 |
---------------+----------------+-----
Dodging        | 2 3 |  3.1
Maces & Flails | 2 3 4 |  4.1
Fighting       | 3 |  3.2
Invocations    | 2 |  2.1

Action                   |  1- 3 |  4- 6 || total
-------------------------+-------+-------++-------
Melee: Mace              |   157 |    95 ||   252
       Kick              |     7 |    19 ||    26
Invok: Depart the Abyss  |     1 |       ||     1
  Use: Scroll            |     3 |     2 ||     5
       Potion            |     2 |     1 ||     3
Armor: Robe              |    82 |    41 ||   123
Dodge: Dodged            |   114 |    70 ||   184

Table legend: (Time is in decaauts)
 A = Elapsed time spent in this place.
 B = Non-inter-level travel time spent in this place.
 C = Inter-level travel time spent in this place.
 D = Time resting spent in this place.
 E = Time spent auto-exploring this place.
 F = Levels seen in this place.
 G = Mean time per level.
                   A        B        C        D        E       F      G
               +--------+--------+--------+--------+--------+-----+--------+
         Total |   2927 |   2774 |    153 |     73 |   2094 |   6 |  487.8 |
       Dungeon |   2827 |   2674 |    153 |     73 |   1995 |   5 |  565.4 |
         Abyss |     99 |     99 |      0 |      0 |     98 |   1 |   99.0 |
               +--------+--------+--------+--------+--------+-----+--------+

Top non-repeatable levels by time:
     D:1: 882 daAuts
     D:3: 822 daAuts
     D:2: 660 daAuts
     D:4: 365 daAuts
 Abyss:1: 99 daAuts
     D:5: 96 daAuts
